 Dungeon Crawl Stone Soup version 0.17.1-3-g152610e (webtiles) character file.

62 Mysteryquy the Chopper (level 3, 0/42 HPs)
             Began as a Demonspawn Gladiator on Mar 2, 2016.
             Succumbed to an adder's poison
             ... on level 2 of the Dungeon.
             The game lasted 00:01:54 (1191 turns).

Mysteryquy the Chopper (Demonspawn Gladiator)       Turns: 1191, Time: 00:01:54

Health: 0/42       AC: 21    Str: 16      XL:     3   Next: 85%
Magic:  3/3        EV:  2    Int:  9      God:
Gold:   78         SH:  0    Dex:  9 (13) Spells: 0 memorised, 2 levels left

rFire  . . .     SeeInvis .     a - +0 war axe
rCold  . . .     Clarity  .     (armour currently unavailable)
rNeg   + + +     SustAt   .     (no shield)
rPois  +         Gourm    .     (helmet currently unavailable)
rElec  .         Spirit   .     (cloak currently unavailable)
rCorr  .         Warding  .     (gloves currently unavailable)
rMut   .         NoTele   +     (boots currently unavailable)
MR     .....                    (no amulet)
Stlth  +.........               (no ring)
                                (no ring)

@: lethally poisoned (0 -> -2), tree-form, very slightly contaminated, hasted,
very quick, not resistant to hostile enchantments, very unstealthy
A: (slimy green scales 0), demonic guardian 1, (poison resistance)
a: no special abilities


You were on level 2 of the Dungeon.
You were not hungry.
You were a tree.
You visited 1 branch of the dungeon, and saw 2 of its levels.

You collected 78 gold pieces.

Inventory:

Hand Weapons
 a - a +0 war axe (weapon)
Missiles
 d - 3 throwing nets (quivered)
Armour
 b - a +0 leather armour
 c - a +0 helmet (melded)
 n - a +0 scale mail (melded)
Scrolls
 g - 2 scrolls of remove curse {unknown}
 j - a scroll of immolation {unknown}
 k - a scroll of recharging {unknown}
 m - 2 scrolls of enchant armour {unknown}
 o - a scroll of magic mapping {unknown}
 p - a scroll of teleportation {unknown}
 q - 2 scrolls of random uselessness {unknown}
 s - 2 scrolls of identify {unknown}
 t - a scroll of amnesia {unknown}
Potions
 i - a potion of haste
Comestibles
 e - a bread ration
 l - 3 fruits


   Skills:
 + Level 2.4 Fighting
 + Level 4.1 Axes
 - Level 1.7 Throwing
 - Level 2.6 Dodging


You had 2 spell levels left.
You didn't know any spells.

Dungeon Overview and Level Annotations

Branches:
Dungeon (2/15)

Altars:


Innate Abilities, Weirdness & Mutations

((You are partially covered in slimy green scales (AC +2).))
A weak demonic guardian rushes to your aid.
((Your system is resistant to poisons.))


Message History

It was a potion of lignification.
You turn into a tree.
Your +0 helmet melds into your body.
Your +0 scale mail melds into your body.
Your roots penetrate the ground.
The adder bites you but does no damage.
Drink which item? (? for menu, Esc to quit)
It was a potion of degeneration.
There was something very wrong with that liquid.
You feel clumsy. The adder bites you but does no damage.
Drink which item? (? for menu, Esc to quit)
It was a potion of mutation.
You feel extremely strange.
You feel resistant to poisons.
You feel less in control of your magic.
You regain control of your magic.
The adder bites you but does no damage.
You hit the adder.
The adder is moderately wounded.
The adder bites you but does no damage.
You slash the adder!
You kill the adder!
You die...

####### #.....# .
#.....######
..##..........#
..'.....$....#
#.......†##
#......#..#
#......##♣#
..####......##)#
............+...
.####......##.##
###..........
######.......#####
....)........#
###...###....#
#...###..###


There were no monsters in sight!

Vanquished Creatures
  2 adders (D:2)
  3 worms (D:2)
  A giant gecko (D:1)
  3 giant cockroaches (D:2)
  4 goblins (D:1)
  5 hobgoblins
  8 bats
  3 giant newts (D:1)
  2 kobolds (D:1)
  6 rats
37 creatures vanquished.

Notes
Turn   | Place    | Note
--------------------------------------------------------------
     0 | D:1      | Mysteryquy the Demonspawn Gladiator began the quest for the Orb.
     0 | D:1      | Reached XP level 1. HP: 16/16 MP: 1/1
    63 | D:1      | Reached skill level 3 in Axes
   168 | D:1      | Gained mutation: A weak demonic guardian rushes to your aid. [demonic ancestry]
   168 | D:1      | Reached XP level 2. HP: 22/22 MP: 2/2
   789 | D:2      | Gained mutation: You are partially covered in slimy green scales (AC +2). [demonic ancestry]
   789 | D:2      | Reached XP level 3. HP: 27/27 MP: 3/3
  1142 | D:2      | Reached skill level 4 in Axes
  1186 | D:2      | HP: 1/28 [poisoned by an adder]
  1189 | D:2      | Gained mutation: Your system is resistant to poisons. [potion of mutation]
  1189 | D:2      | Gained mutation: Your spells are a little harder to cast, but a little more powerful. [potion of mutation]
  1189 | D:2      | Lost mutation: Your spells are a little harder to cast, but a little more powerful. [potion of mutation]
  1191 | D:2      | Succumbed to an adder's poison

Action                   || total
-------------------------++-------
Melee: War axe           ||   122
  Use: Potion            ||     4
  Eat: Chunk             ||     1
